| TOP OF THE 1ST |
|
Biloxi Shuckers batting - Pitching for Mississippi Braves : LHP Fred Kelly
|
|
Pitching: LHP Fred Kelly
|
|
|
Batting: SHB Aaron Neill
|
0-0: Swinging Strike 0-1: Fly out, F7 (Flyball, 78M, EV 90.0 MPH)
|
|
Batting: LHB Jason Raker
|
0-0: Swinging Strike 0-1: Ball 1-1: Foul Ball, location: 2F 1-2: Foul Ball, location: 2F 1-2: Ball 2-2: Strikes out swinging
|
|
Batting: SHB Jerry Duffy
|
0-0: Swinging Strike 0-1: Swinging Strike 0-2: Strikes out swinging
|
| Top of the 1st over - 0 runs, 0 hits, 0 errors, 0 left on base; Biloxi 0 - Mississippi 0 |
| BOTTOM OF THE 1ST |
|
Mississippi Braves batting - Pitching for Biloxi Shuckers : RHP Jun Yamashita
|
|
Pitching: RHP Jun Yamashita
|
|
|
Batting: RHB Luis Restrepo
|
0-0: Foul Ball, location: 2F 0-1: Ball 1-1: Swinging Strike 1-2: Ball 2-2: SOLO HOME RUN (Flyball, 7D, EV 97.5 MPH), Distance : 379 ft
|
|
Batting: RHB Justin Reich
|
0-0: Ball 1-0: Fly out, F1 (Popup, P, EV 87.5 MPH)
|
|
Batting: LHB Art D'Ascenzo
|
0-0: Ball 1-0: SINGLE (Groundball, 34D, EV 99.4 MPH)
|
|
Batting: RHB Eddie McCoy
|
0-0: Ball Art D'Ascenzo steals 2nd base 1-0: Called Strike 1-1: Ball 2-1: Foul Ball, location: 2F 2-2: SINGLE (Groundball, 34D, EV 105.6 MPH) Art D'Ascenzo to third Runner from 3rd tries for Home, SAFE, throw by RF to home
|
|
Batting: LHB Sal Fernandez
|
0-0: Swinging Strike 0-1: Foul Ball, location: 2F 0-2: Ball 1-2: Strikes out swinging
|
|
Batting: RHB Costantino Dolfini
|
0-0: Foul Ball, location: 2F 0-1: Swinging Strike 0-2: Strikes out swinging
|
| Bottom of the 1st over - 2 runs, 3 hits, 0 errors, 1 left on base; Biloxi 0 - Mississippi 2 |
| TOP OF THE 2ND |
|
Biloxi Shuckers batting - Pitching for Mississippi Braves : LHP Fred Kelly
|
|
Batting: RHB Nick Cummings
|
0-0: Called Strike 0-1: Ball 1-1: Ball 2-1: Fly out, F8 (Flyball, 89XD, EV 105.0 MPH)
|
|
Batting: RHB Josh Nelson
|
0-0: Ball 1-0: Ball 2-0: Called Strike 2-1: DOUBLE (Flyball, 8RXD, EV 106.9 MPH)
|
|
Batting: RHB Brian Landrum
|
0-0: Ball 1-0: Ball 2-0: Ball 3-0: Called Strike 3-1: Base on Balls
|
|
Batting: LHB Kwang-chih Men
|
0-0: Ball 1-0: Ball 2-0: Called Strike 2-1: Foul Ball, location: 2F 2-2: Foul Ball, location: 2F 2-2: SINGLE (Groundball, 56D, EV 103.1 MPH) Josh Nelson to third Brian Landrum to second Runner from 3rd tries for Home, SAFE, throw by LF to home
|
|
Batting: RHB Leo Serrano
|
0-0: Ball 1-0: Swinging Strike 1-1: Swinging Strike 1-2: Strikes out swinging
|
|
Batting: LHB Rick Campbell
|
0-0: Ball 1-0: Called Strike 1-1: Ball 2-1: Hit by Pitch Brian Landrum to third Kwang-chih Men to second
|
|
Batting: SHB Aaron Neill
|
0-0: Called Strike 0-1: Ball 1-1: Ball 2-1: Ground out 4-3 (Groundball, 4, EV 84.4 MPH)
|
| Top of the 2nd over - 1 run, 2 hits, 0 errors, 3 left on base; Biloxi 1 - Mississippi 2 |
| BOTTOM OF THE 2ND |
|
Mississippi Braves batting - Pitching for Biloxi Shuckers : RHP Jun Yamashita
|
|
Batting: RHB Hieronim Rutkowski
|
0-0: Ball 1-0: Ball 2-0: Ball 3-0: Base on Balls
|
|
Batting: SHB Jose Melendez
|
0-0: Ball 1-0: Called Strike Hieronim Rutkowski steals 2nd base 1-1: SINGLE (Groundball, 4MD, EV 103.8 MPH) Hieronim Rutkowski to third Throwing error, E8 Hieronim Rutkowski scores Jose Melendez to second
|
|
Batting: LHB Fred Arends
|
0-0: Foul Ball, location: 2F 0-1: Ball 1-1: Swinging Strike 1-2: Ball 2-2: Foul Ball, location: 2F 2-2: Foul Ball, location: 2F 2-2: Ball 3-2: Base on Balls
|
|
Batting: RHB Luis Restrepo
|
0-0: Swinging Strike 0-1: SINGLE (Groundball, 56D, EV 105.6 MPH) Jose Melendez to third Fred Arends to second
|
|
Batting: RHB Justin Reich
|
0-0: Ball 1-0: Ball 2-0: DOUBLE (Line Drive, 3D, EV 98.1 MPH) Jose Melendez scores Fred Arends scores Luis Restrepo to third Runner from 3rd tries for Home, throw by RF and OUT! 9-4-2 Justin Reich to third
|
|
Batting: LHB Art D'Ascenzo
|
0-0: Swinging Strike 0-1: Ball 1-1: 2-RUN HOME RUN (Flyball, 9D, EV 100.0 MPH), Distance : 378 ft
|
|
Pitching: RHP Zack Sharp
|
|
|
Batting: RHB Eddie McCoy
|
0-0: Foul Ball, location: 2F 0-1: Ball 1-1: Foul Ball, location: 2F 1-2: Ball 2-2: Ground out 4-3 (Groundball, 4, EV 86.9 MPH)
|
|
Batting: LHB Sal Fernandez
|
0-0: Called Strike 0-1: Called Strike 0-2: Strikes out looking
|
| Bottom of the 2nd over - 5 runs, 4 hits, 1 error, 0 left on base; Biloxi 1 - Mississippi 7 |
| TOP OF THE 3RD |
|
Biloxi Shuckers batting - Pitching for Mississippi Braves : LHP Fred Kelly
|
|
Batting: LHB Jason Raker
|
0-0: Called Strike 0-1: Ball 1-1: Fly out, F8 (Flyball, 8LM, EV 87.5 MPH)
|
|
Batting: SHB Jerry Duffy
|
0-0: Called Strike 0-1: Ball 1-1: Ball 2-1: Ball 3-1: Called Strike 3-2: SOLO HOME RUN (Line Drive, 9D, EV 98.1 MPH), Distance : 404 ft
|
|
Batting: RHB Nick Cummings
|
0-0: Called Strike 0-1: Foul Ball, location: 2F 0-2: Ball 1-2: Ground out 5-3 (Groundball, 56, EV 89.4 MPH)
|
|
Batting: RHB Josh Nelson
|
0-0: Ball 1-0: Called Strike 1-1: Swinging Strike 1-2: Ball 2-2: Foul Ball, location: 2F 2-2: SINGLE (Groundball, 4MD, EV 112.5 MPH)
|
|
Batting: RHB Brian Landrum
|
0-0: Fly out, F8 (Flyball, 89M, EV 91.2 MPH)
|
| Top of the 3rd over - 1 run, 2 hits, 0 errors, 1 left on base; Biloxi 2 - Mississippi 7 |
| BOTTOM OF THE 3RD |
|
Mississippi Braves batting - Pitching for Biloxi Shuckers : RHP Zack Sharp
|
|
Batting: RHB Costantino Dolfini
|
0-0: Ball 1-0: Called Strike 1-1: Ball 2-1: Ground out U3 (Groundball, 34S, EV 70.6 MPH)
|
|
Batting: RHB Hieronim Rutkowski
|
0-0: Ball 1-0: Called Strike 1-1: Ground out 6-3 (Groundball, 6, EV 80.0 MPH)
|
|
Batting: SHB Jose Melendez
|
0-0: Called Strike 0-1: Foul Ball, location: 2F 0-2: Ball 1-2: Ground out 1-3 (Groundball, 34S, EV 72.5 MPH)
|
| Bottom of the 3rd over - 0 runs, 0 hits, 0 errors, 0 left on base; Biloxi 2 - Mississippi 7 |
| TOP OF THE 4TH |
|
Biloxi Shuckers batting - Pitching for Mississippi Braves : LHP Fred Kelly
|
|
Batting: LHB Kwang-chih Men
|
0-0: Ground out 5-3 (Groundball, 56, EV 96.9 MPH)
|
|
Batting: RHB Leo Serrano
|
0-0: Swinging Strike 0-1: Called Strike 0-2: Ball 1-2: Ball 2-2: Reached on error, E2 (Groundball, 2R, EV 68.8 MPH)
|
|
Batting: LHB Rick Campbell
|
0-0: Called Strike 0-1: Ball 1-1: Ball 2-1: Ground out 5-3 (Groundball, 5S, EV 72.5 MPH) Leo Serrano to third
|
|
Batting: SHB Aaron Neill
|
0-0: Ball 1-0: Called Strike 1-1: Ball Wild Pitch! Leo Serrano scores 2-1: Fly out, F7 (Flyball, 78D, EV 92.5 MPH)
|
| Top of the 4th over - 1 run, 0 hits, 1 error, 0 left on base; Biloxi 3 - Mississippi 7 |
| BOTTOM OF THE 4TH |
|
Mississippi Braves batting - Pitching for Biloxi Shuckers : RHP Zack Sharp
|
|
Batting: LHB Fred Arends
|
0-0: Ball 1-0: Called Strike 1-1: Called Strike 1-2: Foul Ball, location: 2F 1-2: SINGLE (Line Drive, 8LS, EV 100.0 MPH)
|
|
Batting: RHB Luis Restrepo
|
0-0: Fly out, F8 (Flyball, 89S, EV 80.0 MPH)
|
|
Batting: RHB Justin Reich
|
0-0: Foul Ball, location: 2F 0-1: Swinging Strike 0-2: Grounds into double play, 6-4-3 (Groundball, 6D, EV 103.8 MPH)
|
| Bottom of the 4th over - 0 runs, 1 hit, 0 errors, 0 left on base; Biloxi 3 - Mississippi 7 |
| TOP OF THE 5TH |
|
Biloxi Shuckers batting - Pitching for Mississippi Braves : LHP Fred Kelly
|
|
Batting: LHB Jason Raker
|
0-0: Ball 1-0: Foul Ball, location: 2F 1-1: Ball 2-1: Fly out, F5 (Popup, 5F, EV 61.2 MPH)
|
|
Batting: SHB Jerry Duffy
|
0-0: Ball 1-0: Ground out 6-3 (Groundball, 6S, EV 85.0 MPH)
|
|
Batting: RHB Nick Cummings
|
0-0: Ball 1-0: Ground out 4-3 (Groundball, 4, EV 103.1 MPH)
|
| Top of the 5th over - 0 runs, 0 hits, 0 errors, 0 left on base; Biloxi 3 - Mississippi 7 |
| BOTTOM OF THE 5TH |
|
Mississippi Braves batting - Pitching for Biloxi Shuckers : RHP Zack Sharp
|
|
Batting: LHB Art D'Ascenzo
|
0-0: Called Strike 0-1: Ball 1-1: Ball 2-1: Foul Ball, location: 2F 2-2: Ball 3-2: Foul Ball, location: 2F 3-2: Ground out 6-3 (Groundball, 4MD, EV 102.5 MPH)
|
|
Batting: RHB Eddie McCoy
|
0-0: Ball 1-0: Ball 2-0: Swinging Strike 2-1: Ball 3-1: Swinging Strike 3-2: Base on Balls
|
|
Pitching: LHP Billy Rojas
|
|
|
Batting: LHB Sal Fernandez
|
0-0: Foul Ball, location: 2F 0-1: Ball 1-1: Ball 2-1: Ball 3-1: Called Strike 3-2: Base on Balls Eddie McCoy to second
|
|
Batting: RHB Costantino Dolfini
|
0-0: DOUBLE (Flyball, 8LXD, EV 93.1 MPH) Eddie McCoy scores Sal Fernandez to third
|
|
Batting: RHB Hieronim Rutkowski
|
0-0: Ball Wild Pitch! Sal Fernandez scores Costantino Dolfini to third 1-0: Swinging Strike 1-1: Ground out 6-3 (Groundball, 6, EV 90.6 MPH) Costantino Dolfini scores
|
|
Batting: SHB Jose Melendez
|
0-0: Ball 1-0: Foul Ball, location: 2F 1-1: Fly out, F7 (Flyball, 78D, EV 112.5 MPH)
|
| Bottom of the 5th over - 3 runs, 1 hit, 0 errors, 0 left on base; Biloxi 3 - Mississippi 10 |
| TOP OF THE 6TH |
|
Biloxi Shuckers batting - Pitching for Mississippi Braves : LHP Fred Kelly
|
|
Batting: RHB Josh Nelson
|
0-0: Ball 1-0: Called Strike 1-1: Ball 2-1: Called Strike 2-2: Fly out, F9 (Flyball, 9LSF, EV 86.2 MPH)
|
|
Batting: RHB Brian Landrum
|
0-0: Ball 1-0: Called Strike 1-1: Ground out 5-3 (Groundball, 56, EV 81.2 MPH)
|
|
Batting: LHB Kwang-chih Men
|
0-0: Ball 1-0: Foul Ball, location: 2F 1-1: Foul Ball, location: 2F 1-2: Ball 2-2: Ground out 6-3 (Groundball, 6MD, EV 104.4 MPH)
|
| Top of the 6th over - 0 runs, 0 hits, 0 errors, 0 left on base; Biloxi 3 - Mississippi 10 |
| BOTTOM OF THE 6TH |
|
Mississippi Braves batting - Pitching for Biloxi Shuckers : LHP Billy Rojas
|
|
Batting: LHB Fred Arends
|
0-0: Called Strike 0-1: Swinging Strike 0-2: Ball 1-2: Ball 2-2: Ball 3-2: Foul Ball, location: 2F 3-2: Strikes out swinging
|
|
Batting: RHB Luis Restrepo
|
0-0: Ball 1-0: Called Strike 1-1: Ball 2-1: Foul Ball, location: 2F 2-2: SINGLE (Groundball, 6S, EV 98.1 MPH)
|
|
Batting: RHB Justin Reich
|
0-0: Called Strike 0-1: Swinging Strike 0-2: Ball 1-2: Fly out, F8 (Flyball, 8RD, EV 84.4 MPH)
|
|
Batting: LHB Art D'Ascenzo
|
0-0: Swinging Strike 0-1: Ball 1-1: Ball Luis Restrepo is caught stealing 2nd base 2-6
|
| Bottom of the 6th over - 0 runs, 1 hit, 0 errors, 0 left on base; Biloxi 3 - Mississippi 10 |
| TOP OF THE 7TH |
|
Biloxi Shuckers batting - Pitching for Mississippi Braves : LHP Fred Kelly
|
|
Pitching: RHP Chris Hawkins
|
|
|
Batting: RHB Leo Serrano
|
0-0: Called Strike 0-1: Ball 1-1: Swinging Strike 1-2: Strikes out swinging
|
|
Batting: LHB Rick Campbell
|
0-0: Foul Ball, location: 2F 0-1: Called Strike 0-2: Strikes out swinging
|
|
Batting: SHB Aaron Neill
|
0-0: Ball 1-0: Foul Ball, location: 2F 1-1: Foul Ball, location: 2F 1-2: Foul Ball, location: 2F 1-2: Foul Ball, location: 2F 1-2: Strikes out swinging
|
| Top of the 7th over - 0 runs, 0 hits, 0 errors, 0 left on base; Biloxi 3 - Mississippi 10 |
| BOTTOM OF THE 7TH |
|
Mississippi Braves batting - Pitching for Biloxi Shuckers : LHP Billy Rojas
|
|
Batting: LHB Art D'Ascenzo
|
0-0: DOUBLE (Line Drive, 89XD, EV 103.1 MPH)
|
|
Batting: RHB Eddie McCoy
|
0-0: Foul Ball, location: 2F 0-1: Foul Ball, location: 2F 0-2: Fly out, F7 (Line Drive, 7S, EV 100.6 MPH)
|
|
Batting: LHB Sal Fernandez
|
0-0: Ball 1-0: Ball 2-0: Fly out, F9 (Flyball, 9D, EV 106.9 MPH) Runner from 2nd tags up, SAFE at 3rd, no throw by RF
|
|
Batting: RHB Costantino Dolfini
|
0-0: Foul Ball, location: 2F 0-1: Foul Ball, location: 2F 0-2: Ball 1-2: Strikes out swinging
|
| Bottom of the 7th over - 0 runs, 1 hit, 0 errors, 1 left on base; Biloxi 3 - Mississippi 10 |
| TOP OF THE 8TH |
|
Biloxi Shuckers batting - Pitching for Mississippi Braves : RHP Chris Hawkins
|
|
Batting: LHB Jason Raker
|
0-0: Ball 1-0: Ball 2-0: Called Strike 2-1: Foul Ball, location: 2F 2-2: Ball 3-2: Base on Balls
|
|
Batting: SHB Jerry Duffy
|
0-0: Called Strike 0-1: Ball 1-1: Called Strike 1-2: Ball 2-2: Ball 3-2: Base on Balls Jason Raker to second
|
|
Batting: SHB Justin Hensley
|
0-0: Ball 1-0: SINGLE (Groundball, 6D, EV 105.0 MPH) Jason Raker to third Jerry Duffy to second Runner from 3rd tries for Home, SAFE, throw by LF to home
|
|
Batting: RHB Josh Nelson
|
0-0: Called Strike 0-1: Ball 1-1: Foul Ball, location: 2F 1-2: Strikes out swinging
|
|
Batting: RHB Brian Landrum
|
0-0: Called Strike 0-1: Foul Ball, location: 2F 0-2: Strikes out looking
|
|
Pitching: LHP Jake Warwick
|
|
|
Batting: LHB Kwang-chih Men
|
0-0: Foul Ball, location: 2F 0-1: Ball 1-1: Swinging Strike 1-2: Ball 2-2: Foul Ball, location: 2F 2-2: Ball 3-2: DOUBLE (Flyball, 89XD, EV 91.2 MPH) Jerry Duffy scores Justin Hensley to third Justin Hensley scores
|
|
Batting: RHB Leo Serrano
|
0-0: Ball 1-0: Foul Ball, location: 2F 1-1: Ball 2-1: SINGLE (Groundball, 4D, EV 106.2 MPH) Kwang-chih Men to third Runner from 3rd tries for Home, SAFE, throw by CF to home
|
|
Batting: LHB Rick Campbell
|
0-0: Ball 1-0: SINGLE (Groundball, 4M, EV 105.6 MPH) (infield hit) Leo Serrano to second
|
|
Batting: SHB Aaron Neill
|
0-0: Fielders Choice at 2nd, 6-4 (Groundball, 6, EV 101.2 MPH)
|
| Top of the 8th over - 4 runs, 4 hits, 0 errors, 2 left on base; Biloxi 7 - Mississippi 10 |
| BOTTOM OF THE 8TH |
|
Mississippi Braves batting - Pitching for Biloxi Shuckers : LHP Billy Rojas
|
|
Pitching: RHP Jim Strickland
|
|
|
Batting: RHB Hieronim Rutkowski
|
0-0: Called Strike 0-1: Fly out, F4 (Popup, 13, EV 74.4 MPH)
|
|
Batting: SHB Jose Melendez
|
0-0: Called Strike 0-1: Foul Ball, location: 2F 0-2: Ball 1-2: Strikes out swinging
|
|
Batting: LHB Fred Arends
|
0-0: Called Strike 0-1: Ball 1-1: Called Strike 1-2: Ball 2-2: Strikes out looking
|
| Bottom of the 8th over - 0 runs, 0 hits, 0 errors, 0 left on base; Biloxi 7 - Mississippi 10 |
| TOP OF THE 9TH |
|
Biloxi Shuckers batting - Pitching for Mississippi Braves : LHP Jake Warwick
|
|
Pitching: RHP Troy Hutch
|
|
|
Batting: LHB Jason Raker
|
0-0: Foul Ball, location: 2F 0-1: Ball 1-1: Swinging Strike 1-2: Strikes out looking
|
|
Batting: SHB Jerry Duffy
|
0-0: Called Strike 0-1: Foul Ball, location: 2F 0-2: Ball 1-2: Ball 2-2: SINGLE (Groundball, 6MD, EV 103.1 MPH)
|
|
Batting: SHB Justin Hensley
|
0-0: Ball 1-0: Ball 2-0: Foul Ball, location: 2F 2-1: Fielders Choice at 2nd, 3-6 (Groundball, 3, EV 104.4 MPH)
|
|
Batting: RHB Josh Nelson
|
0-0: Ball 1-0: Called Strike 1-1: Ball 2-1: Called Strike 2-2: Ball 3-2: 2-RUN HOME RUN (Flyball, 9LD, EV 91.9 MPH), Distance : 350 ft
|
|
Batting: RHB Brian Landrum
|
0-0: Ball 1-0: Fly out, F8 (Flyball, 8RM, EV 88.1 MPH)
|
| Top of the 9th over - 2 runs, 2 hits, 0 errors, 0 left on base; Biloxi 9 - Mississippi 10 |
|